 Dungeon Sprint DCSS version 0.30.1-9-gdf580d7c3d (webtiles) character file.

Game seed: 12475266831802309176

2417 Heoruswealwe the Impaler (level 9, -9/93 HPs)
             Began as a Minotaur Fighter on Oct 23, 2023.
             Was an Initiate of Gozag.
             Mangled by a boulder beetle (15 damage)
             ... in the Dungeon (Sprint IX: "|||||||||||||||||||||||||||||").
             The game lasted 00:02:43 (222 turns).

Heoruswealwe the Impaler (Minotaur Fighter)          Turns: 222, Time: 00:02:45

Health: -9/93      AC: 21    Str: 25    XL:     9   Next: 23%
Magic:  8/8        EV: 12    Int:  5    God:    Gozag
Gold:   486        SH:  0    Dex: 10    Spells: 8/8 levels left

rFire   . . .        b - +2 halberd (protect)
rCold   . . .        (shield currently unavailable)
rNeg    . . .        c - +1 scale mail
rPois   .            (helmet restricted)
rElec   .            (no cloak)
rCorr   .            f - +0 pair of gloves
SInv    .            (no boots)
Will    .....        (no amulet) Stlth
                     k - +2 ring of evasion
HPRegen 0.35/turn    j - +2 ring of protection
MPRegen 0.11/turn

%: no teleportation
@: gold aura, under a protective aura
A: horns 2, retaliatory headbutt
a: Renounce Religion, Potion Petition, Call Merchant, Bribe Branch


You were in the Dungeon.
You worshipped Gozag.
Gozag was aware of your devotion.
You visited 1 branch You collected 486 gold pieces.

Inventory:

Hand Weapons
 a - a +0 trident
 b - a +2 halberd of protection (weapon)
Armour
 c - a +1 scale mail (worn)
 d - a +0 buckler
 f - a +0 pair of gloves (worn)
Jewellery
 j - a +2 ring of protection (right hand)
 k - a +2 ring of evasion (left hand)
Wands
 h - a wand of iceblast (10)
Scrolls
 n - 2 scrolls of blinking
Potions
 e - 5 potions of curing
 g - a potion of haste
 i - a potion of berserk rage
 l - 2 potions of heal wounds
 m - a potion of might


   Skills:
 + Level 13.2 Fighting
 * Level 17.6 Polearms
 + Level 13.1 Armour
 - Level 3.6 Shields


You had 8 spell levels left.
You didn't know any spells.
Your spell library was empty.

Dungeon Overview and Level Annotations

Branches:
Dungeon (1/1)

Altars:
Cheibriados
Dithmenos
Elyvilon
Fedhas
Gozag
Hepliaklqana
Kikubaaqudgha
Makhleb
Nemelex Xobeh
Okawaru
Qazlal
Ru
Sif Muna
Trog
Uskayaw
Vehumet
Wu Jian
Xom
Yredelemnul
Zin
The Shining One
Jiyva
Lugonu


Innate Abilities, Weirdness & Mutations

You have a pair of horns on your head.
You reflexively headbutt those who attack you in melee.


Message History

You headbutt the meliai, but do no damage.
The meliai hits you but does no damage.
The meliai stings you but does no damage.
The boulder beetle bites you but does no damage.
You closely miss the meliai. Your headbutt misses the meliai.
The meliai closely misses you.
The meliai stings you but does no damage.
The boulder beetle stops rolling and uncurls.
You barely miss the meliai. The meliai hits you but does no damage.
The meliai stings you but does no damage.
The boulder beetle bites you but does no damage.
The meliai hits you but does no damage. The meliai closely misses you.
You closely miss the meliai. The meliai closely misses you.
The meliai stings you but does no damage.
The boulder beetle bites you!
* * * LOW HITPOINT WARNING * * *
You puncture the meliai! You headbutt the meliai.
The meliai is severely wounded.
The meliai hits you but does no damage. The meliai misses you.
The boulder beetle leaps!
The meliai barely misses you. You furiously retaliate!
You headbutt the meliai! The meliai barely misses you.
The boulder beetle bites you!
* * * LOW HITPOINT WARNING * * *
You impale the meliai!!
You kill the meliai!
The centaur warrior wields a +0 shortbow.
The centaur warrior shoots an arrow.
The arrow hits you but does no damage.
Your Fighting skill increases to level 13!
Your Armour skill increases to level 13!
The centaur warrior unwields a +0 shortbow.
The centaur warrior hits you but does no damage.
The centaur warrior kicks you but does no damage.
Items here: $ )) [.
You impale the centaur warrior!!
Your headbutt misses the centaur warrior.
The centaur warrior is heavily wounded.
The centaur warrior hits you but does no damage.
The centaur warrior closely misses you. The boulder beetle bites you!
You die...
Your body crumbles into a pile of gold. $$ $ $ $ $$$$$ $ $ ▓▓▓▓▓▓▓▓▓▓▓▓▓▓▓▓▓▓▓▓▓▓ )[[....).....°'B@cTB.+ ▓▓▓▓▓▓▓▓▓▓▓▓▓▓▓▓▓▓▓▓▓▓

You could see 2 boulder beetles, a centaur warrior and a troll.

Vanquished Creatures
  A centaur warrior (D)
  A two-headed ogre (D)
  A kobold demonologist (D)
  A meliai (D)
  A wraith (D)
  A yak (D)
  A vampire mosquito (D)
  3 black bears (D)
  A centaur (D)
  An adder (D)
  An orc (D)
  An endoplasm (D)
  A goblin (D)
  2 ball pythons (D)
  A kobold (D)
18 creatures vanquished.

Notes
Turn   | Place    | Note
-------+----------+-------------------------------------------
     0 | D        | Heoruswealwe the Minotaur Fighter began the quest for the
                  | Orb.
     0 | D        | Reached XP level 1. HP: 19/19 MP: 0/0
    13 | D        | Reached skill level 3 in Polearms
    46 | D        | Noticed a black bear
    46 | D        | Noticed a black bear
    46 | D        | Noticed a black bear
    49 | D        | Reached skill level 4 in Polearms
    55 | D        | Killed a black bear
    56 | D        | Reached skill level 7 in Polearms
    56 | D        | Reached XP level 2. HP: 31/31 MP: 1/1
    56 | D        | Reached XP level 3. HP: 38/38 MP: 2/2
    56 | D        | Reached XP level 4. HP: 45/45 MP: 3/3
    61 | D        | Reached skill level 8 in Polearms
    70 | D        | Killed a black bear
    71 | D        | Reached skill level 10 in Polearms
    71 | D        | Reached XP level 5. HP: 44/53 MP: 4/4
    74 | D        | Killed a black bear
    75 | D        | Reached skill level 11 in Polearms
    75 | D        | Reached XP level 6. HP: 47/62 MP: 5/5
    81 | D        | Found a snail-covered altar of Cheibriados.
    81 | D        | Found a shadowy altar of Dithmenos.
    81 | D        | Found a white marble altar of Elyvilon.
    81 | D        | Found a blossoming altar of Fedhas.
    81 | D        | Found an opulent altar of Gozag.
    82 | D        | Found a hazy altar of Hepliaklqana.
    83 | D        | Found a viscous altar of Jiyva.
    84 | D        | Found an ancient bone altar of Kikubaaqudgha.
    85 | D        | Found a corrupted altar of Lugonu.
    86 | D        | Found a burning altar of Makhleb.
    87 | D        | Found a sparkling altar of Nemelex Xobeh.
    88 | D        | Found an iron altar of Okawaru.
    89 | D        | Became a worshipper of Gozag Ym Sagoz the Greedy
    90 | D        | Found a stormy altar of Qazlal.
    91 | D        | Found a sacrificial altar of Ru.
    92 | D        | Found a shimmering blue altar of Sif Muna.
    93 | D        | Found a bloodstained altar of Trog.
    94 | D        | Found a hide-covered altar of Uskayaw.
    95 | D        | Found a radiant altar of Vehumet.
    96 | D        | Found an ornate altar of the Wu Jian Council.
    97 | D        | Found a shimmering altar of Xom.
    98 | D        | Found a basalt altar of Yredelemnul.
    99 | D        | Found a glowing silver altar of Zin.
   100 | D        | Found a glowing golden altar of the Shining One.
   155 | D        | Noticed a kobold demonologist
   155 | D        | Noticed a yak
   155 | D        | Noticed a two-headed ogre
   155 | D        | Noticed a wraith
   155 | D        | Noticed a vampire mosquito
   159 | D        | Noticed an orange demon
   166 | D        | Killed a kobold demonologist
   167 | D        | Reached skill level 13 in Polearms
   167 | D        | Reached XP level 7. HP: 61/71 MP: 6/6
   171 | D        | Killed a yak
   172 | D        | Reached skill level 10 in Fighting
   172 | D        | Reached skill level 10 in Armour
   176 | D        | Killed a two-headed ogre
   177 | D        | Reached skill level 15 in Polearms
   177 | D        | Reached XP level 8. HP: 59/82 MP: 7/7
   194 | D        | Reached skill level 16 in Polearms
   208 | D        | Noticed a boulder beetle
   208 | D        | Noticed a boulder beetle
   208 | D        | Noticed a centaur warrior
   208 | D        | Noticed a meliai
   208 | D        | Noticed a centaur warrior
   208 | D        | Noticed a troll
   213 | D        | Killed a centaur warrior
   214 | D        | Reached skill level 17 in Polearms
   214 | D        | Reached XP level 9. HP: 22/92 MP: 8/8
   220 | D        | Killed a meliai
   222 | D        | Mangled by a boulder beetle

Illustrated notes

Levels and vault maps discovered:
D:        linesprint [early_d, line_temple, items_1, d_10, items_2, lair_1,
          lair_end, items_3, orc_1, orc_end, items_4, d_15, swamp_1, shoals_1,
          snake_1, spider_1, d_20, vaults_1, items_5, swamp_end, shoals_end,
          snake_end, spider_end, vaults_end, d_27, items_6, zot_1, zot_end,
          crypt_end, forest_end, elf_end, slime_end, tomb_end, abyss_end,
          pan_hell_end]

Skill      XL: |  1  2  3  4  5  6  7  8  9 |
---------------+----------------------------+-----
Polearms       | 7 10 11 13 15 17 | 17.6
Fighting       | 6 7 8 9 11 12 13 | 13.2
Armour         | 6 7 8 9 11 12 13 | 13.1
Shields        | |  3.6

Action                     |  1- 3 |  4- 6 |  7- 9 || total
---------------------------+-------+-------+-------++-------
  Melee: Trident           |    20 |    19 |       ||    39
         Headbutt          |     5 |     9 |    10 ||    24
         Halberd           |       |    11 |    36 ||    47
    Use: Potion            |     1 |       |       ||     1
 Armour: Scale mail        |    10 |    21 |    24 ||    55
  Dodge: Dodged            |    14 |    21 |    30 ||    65
  Block: Buckler           |     4 |     3 |       ||     7
